 Dungeon Crawl Stone Soup version 0.24.0-125-gc4c63601f3 (webtiles) character file.

Game seed: 17409252850884784252, levelgen mode: deterministic

72 Mesmaeker13 the Caller (level 4, -8/33 HPs)
             Began as a Draconian Summoner on Feb 22, 2020.
             Mangled by an orc
             ... wielding a +1 whip of electrocution
              (19 damage)
             ... on level 3 of the Dungeon.
             The game lasted 00:03:48 (2520 turns).

Mesmaeker13 the Caller (Draconian Summoner)         Turns: 2520, Time: 00:03:49

Health: -8/33      AC:  5    Str: 10    XL:     4   Next: 6%
Magic:  8/8        EV: 13    Int: 16    God:
Gold:   115        SH:  0    Dex: 12    Spells: 5/8 levels left

rFire    . . .     SeeInvis .   d - +0 whip
rCold    . . .     Gourm    .   (no shield)
rNeg     . . .     Faith    .   (armour unavailable)
rPois    .         Spirit   .   (helmet restricted)
rElec    .         Reflect  .   (no cloak)
rCorr    .         Harm     .   (no gloves)
MR       .....                  (no boots)
Stlth    +++.......             (no amulet)
HPRegen  0.11/turn              n - ring of stealth
MPRegen  0.11/turn              (no ring)

@: no status effects
A: unfitting armour, cold-blooded, AC +5
a: no special abilities


You were on level 3 of the Dungeon.
You were not hungry.

You visited 1 branch of the dungeon, and saw 3 of its levels.

You collected 115 gold pieces.

Inventory:

Hand Weapons
 d - a +0 whip (weapon)
 p - a +0 trident
Missiles
 o - 9 poisoned darts (quivered)
Jewellery
 n - a ring of stealth (left hand)
Scrolls
 a - 2 scrolls of blinking {unknown}
 c - 5 scrolls of remove curse {unknown}
 f - a scroll of amnesia {unknown}
 g - 2 scrolls of identify {unknown}
 h - 3 scrolls of enchant armour {unknown}
 l - a scroll of teleportation {unknown}
Potions
 e - a potion of magic {unknown}
 i - a potion of heal wounds {unknown}
 j - a potion of lignification {unknown}
 m - 3 potions of curing {unknown}
Comestibles
 b - 4 rations
 k - 6 chunks of flesh


   Skills:
 + Level 2.6 Dodging
 - Level 1.7 Stealth
 + Level 2.8 Spellcasting
 + Level 4.5 Summonings


You had 5 spell levels left.
You knew the following spells:

 Your Spells              Type           Power        Failure   Level  Hunger
a - Summon Small Mammal   Summ           ###.         3%          1    #......
b - Call Imp              Summ           ###.....     4%          2    ##.....

Your spell library contained the following spells:

 Spells                   Type           Power        Failure   Level  Hunger
 Call Canine Familiar     Summ           ###.....     9%          3    ###....
 Summon Guardian Golem    Hex/Summ       #.......     22%         3    ###....
 Summon Ice Beast         Ice/Summ       #.......     58%         4    #####..
 Summon Lightning Spire   Summ/Air       #.......     58%         4    #####..


Dungeon Overview and Level Annotations

Branches:
Dungeon (3/15)

Altars:
Kikubaaqudgha


Innate Abilities, Weirdness & Mutations

Your plain brown scales are hard. (AC +5)
You cannot fit into any form of body armour.
You are cold-blooded and may be slowed by cold attacks.


Message History

The orc is severely wounded.
You kill the orc!
You hit the orc.
The orc is heavily wounded.
The orc hits you with a +1 whip of electrocution.
Throwing (i - inventory)
o - 11 poisoned darts (quivered)
Press: ? - help, Shift-Dir - straight line, f - orc
Aim: an orc, wielding a +1 whip of electrocution (heavily wounded)
You throw a poisoned dart.
The poisoned dart closely misses the orc.
The orc closely misses you.
Throwing (i - inventory)
o - 10 poisoned darts (quivered)
Press: ? - help, Shift-Dir - straight line, f/p - orc
Aim: an orc, wielding a +1 whip of electrocution (heavily wounded)
You throw a poisoned dart. The poisoned dart hits the orc.
The orc is poisoned.
The orc is heavily wounded.
The orc hits you with a +1 whip of electrocution.
You are electrocuted!!
Ouch! That really hurt!
You die... ######## #()[o@<# #.###### #. #. #. #o #. ..

You could see an orc.

Vanquished Creatures
  An adder (D:2)
  A worm (D:2)
  A dart slug (D:2)
  A leopard gecko (D:2)
  9 orcs (D:3)
  2 giant cockroaches (D:1)
  6 goblins
  4 hobgoblins
  3 jackals (D:2)
  A quokka (D:2)
  4 bats (D:2)
  A frilled lizard (D:1)
  A kobold (D:1)
  5 rats
40 creatures vanquished.

Vanquished Creatures (collateral kills)
  A worm (D:2)
  A goblin (D:1)
  2 hobgoblins
  A bat (D:2)
  A rat (D:2)
6 creatures vanquished.

Grand Total: 46 creatures vanquished

Notes
Turn   | Place    | Note
-------+----------+-------------------------------------------
     0 | D:1      | Mesmaeker13 the Draconian Summoner began the quest for the
                  | Orb.
     0 | D:1      | Reached XP level 1. HP: 14/14 MP: 3/3
   651 | D:1      | Reached XP level 2. HP: 18/20 MP: 5/5
  1270 | D:2      | Learned a level 2 spell: Call Imp
  1670 | D:2      | Reached XP level 3. HP: 21/26 MP: 2/6
  2241 | D:2      | Found an ancient bone altar of Kikubaaqudgha.
  2497 | D:3      | Reached XP level 4. HP: 22/33 MP: 8/8
  2520 | D:3      | Mangled by an orc

Levels and vault maps discovered:
D:1:      psy_arrival_conway, layout_basic, minmay_crystal_water
D:2:      layout_loops_corners, lemuel_round_altar, first_ration
D:3:      layout_basic

Skill      XL: |  1 |
---------------+----+-----
Dodging        | 2 |  2.6
Stealth        | |  1.7
Spellcasting   | |  2.8
Summonings     | |  4.5

Action                   |  1- 3 |  4- 6 || total
-------------------------+-------+-------++-------
Melee: Unarmed           |    28 |       ||    28
       Club              |    12 |       ||    12
       Tailslap          |    13 |       ||    13
       Whip              |   128 |     8 ||   136
Throw: Dart              |    19 |     8 ||    27
 Cast: Summon Small Mamm |     4 |       ||     4
       Call Imp          |     6 |       ||     6
 Stab: Sleeping          |     5 |       ||     5
       Distracted        |     1 |       ||     1
  Eat: Chunk             |     6 |       ||     6
Armor: Skin              |    67 |       ||    67
Dodge: Dodged            |   128 |     8 ||   136
